 Dungeon Crawl Stone Soup version 0.29.1-13-g9f3cf754e1 (webtiles) character file.

Game seed: 11707336490732980727

3597 croobank the Covert (level 10, -1/68 HPs)
             Began as an Octopode Delver on Jan 28, 2023.
             Was an Initiate of Gozag.
             Slain by a manticore (10 damage)
             ... on level 7 of the Dungeon.
             The game lasted 00:57:55 (13601 turns).

croobank the Covert (Octopode Delver)              Turns: 13601, Time: 00:57:55

Health: -1/68      AC:  8    Str: 12    XL:     10   Next: 10%
Magic:  15/15      EV: 15    Int: 16    God:    Gozag
Gold:   542        SH:  0    Dex: 14    Spells: 3/15 levels left

rFire   . . .      SeeInvis +   g - +0 trident (protect)
rCold   . . .      Faith    .   (no shield)
rNeg    . . .      Spirit   .   (helmet restricted)
rPois   .          Reflect  .   (no amulet)
rElec   .          Harm     .   v - ring of wizardry
rCorr   .          Rampage  .   k - ring of see invisible
Will    .....                   (no ring)
Stlth   +++++.....              (no ring)
HPRegen 0.21/turn               (no ring)
MPRegen 0.14/turn               (no ring)
                                (no ring)
                                (no ring)

@: under a protective aura, studying Invocations
A: almost no armour, amphibious, 8 rings, camouflage 1, gelatinous body 1,
(nimble swimmer 1), tentacles
a: Renounce Religion, Potion Petition, Call Merchant, Bribe Branch


You were on level 7 of the Dungeon.
You worshipped Gozag.
Gozag was pleased with you.
You visited 2 branches of the dungeon, and saw 9 of its levels.

You collected 661 gold pieces.
You paid 119 gold pieces to Gozag.

Inventory:

Hand Weapons
 a - a +0 hand axe
 d - a +0 dagger
 e - a +0 spear of venom
 g - a +0 trident of protection (weapon)
 h - a +0 rapier
 i - a +0 war axe
 j - a +0 scimitar
 l - a +1 vampiric quarterstaff
 E - a +3 short sword
Missiles
 B - 5 atropa-tipped darts (quivered)
Magical Staves
 q - a staff of conjuration
 x - a staff of air
Jewellery
 k - a ring of see invisible (right tentacle)
 v - a ring of wizardry (left tentacle)
Wands
 F - a wand of polymorph (5)
Scrolls
 b - a scroll of fog
 f - a scroll of identify
 m - 2 scrolls of noise
 n - a scroll of poison
 p - 3 scrolls of teleportation
 s - 2 scrolls of enchant weapon
Potions
 c - a potion of brilliance {unknown}
 o - a potion of curing
 u - 2 potions of might
 w - a potion of flight
 z - a potion of magic
 A - 2 potions of mutation


   Skills:
 - Level 5.7 Fighting
 - Level 3.0 Axes
 - Level 3.9 Staves
 - Level 5.0 Dodging
 - Level 9.5 Stealth
 - Level 3.4 Spellcasting
 + Level 6.2 Conjurations
 + Level 6.3 Hexes
 - Level 4.4 Invocations


You had 3 spell levels left.
You knew the following spells:

 Your Spells              Type           Power      Damage    Failure   Level
a - Magic Dart            Conj           88%        1d7       1%          1
b - Searing Ray           Conj           44%        2d6       1%          2
c - Tukima's Dance        Hex            23%        N/A       1%          3
d - Ensorcelled Hibernat  Hex/Ice        24%        N/A       3%          2
e - Fulminant Prism       Conj/Hex       11%        3d9       5%          4

Your spell library contained the following spells:

 Spells                   Type           Power      Damage    Failure   Level
 Portal Projectile        Hex/Tloc       24%        N/A       6%          3
 Passwall                 Tmut/Erth      1%         N/A       11%         2
 Swiftness                Air            2%         N/A       21%         3
 Iskenderun's Mystic Bla  Conj/Tloc      12%        2d5       21%         4
 Blade Hands              Tmut           1%         N/A       86%         5
 Lee's Rapid Deconstruct  Erth           1%         3d5*      86%         5


Dungeon Overview and Level Annotations

Branches:
Dungeon (8/15)             Temple (1/1) D:7
   Lair: D:8-11

Altars:
Ashenzari
Cheibriados
Dithmenos
Elyvilon
Fedhas
Gozag
Hepliaklqana
Kikubaaqudgha
Makhleb
Nemelex Xobeh
Ru
Uskayaw
Vehumet
Wu Jian
Xom
Yredelemnul
Zin
The Shining One

Shops:
D:1 (::(

Annotations:
Temple 2 transporters


Innate Abilities, Weirdness & Mutations

You cannot wear most types of armour.
You are amphibious.
You can wear up to eight rings at the same time.
Your skin changes colour to match your surroundings (Stealth+).
Your rubbery body absorbs attacks. (AC +1, EV +1)
((You are camouflaged when in or above water. (Stealth+)))
You have tentacles for arms and can constrict up to eight enemies at once.


Message History

The sky beast is heavily wounded.
Casting: Searing Ray (safe; 1% risk of failure)
Confirm with . or Enter, or press ? or * to list all spells.
Restarting spell: Searing Ray (safe; 1% risk of failure)
Press: ? - help, Shift-Dir - straight line, f/p - sky beast
Aim: a sky beast (heavily wounded, 69% to hit)
The searing ray hits the sky beast!
The sky beast is severely wounded. (Press . to maintain the ray.)
The sky beast hits you. The sky beast shocks you.
The searing ray misses the sky beast.
The sky beast hits you. The sky beast shocks you.
The searing ray misses the sky beast.
The sky beast misses you.
The searing ray hits the sky beast.
The sky beast is almost dead.
You finish channelling your searing ray.
The sky beast hits you. The sky beast shocks you.
Casting: Searing Ray (safe; 1% risk of failure)
Confirm with . or Enter, or press ? or * to list all spells.
Aiming: Searing Ray (safe; 1% risk of failure)
Press: ? - help, Shift-Dir - straight line, f/p - sky beast
Aim: a sky beast (almost dead, 69% to hit)
The searing ray hits the sky beast!
You kill the sky beast! (Press . to maintain the ray.)
A manticore comes into view.
You start resting.
HP restored.
You see here 19 gold pieces.
You now have 542 gold pieces (gained 19).
The manticore bites you!! The manticore claws you! The manticore claws you.
You completely miss the manticore. The manticore bites you!
The manticore closely misses you. The manticore claws you!
* * * LOW HITPOINT WARNING * * *
You hit the manticore.
Your weapon exudes an aura of protection.
The manticore is lightly wounded.
The manticore bites you!
You die...
Your body crumbles into a pile of gold.

#.###.# #### #.# #.# ##... #.
#.# #.# #..##
##'#########.###.## #..#
#.................######..# #
#...####......##..#...##..# #.#
#...# #..............)...# ....
...# #...H......#......##
#....##.####...@...........#.###
............[...................
######.########..............#.
♣....♣♣ #.......##.....#.
♣..♣♣.♣♣ #.#.#............
♣...♣♣..♣ #.....####...#.#.
♣.♣♣♣♣.♣♣.♣#......).......#.
♣♣♣...♣♣ ♣♣#.........#......
##♣.♣######################)


You could see a manticore.

Vanquished Creatures
  An ugly thing (D:7)
  A cyclops (D:7)
  Menkaure (D:5)
  2 water moccasins
  An orc warrior (D:7)
  2 sky beasts (D:7)
  A black bear (D:5)
  2 ogres
  A centaur (D:5)
  A scorpion (D:6)
  3 bullfrogs
  3 wights (D:7)
  3 howler monkeys
  A crimson imp (D:3)
  4 hounds
  3 jellies
  3 orc priests
  A gnoll bouda (D:7)
  An iguana (D:5)
  An orc wizard (D:7)
  14 gnolls
  5 adders
  A white imp (D:6)
  3 ufetubi
  A worm (D:2)
  A dart slug (D:3)
  16 orcs
  7 ball pythons
  A bat (D:1)
  8 endoplasms
  2 giant cockroaches
  7 goblins
  4 hobgoblins
  2 jackals (D:2)
  2 quokkas
  2 frilled lizards
  6 kobolds
  4 rats
122 creatures vanquished.

Vanquished Creatures (collateral kills)
  A two-headed ogre (D:7)
  An orc warrior (D:7)
2 creatures vanquished.

Vanquished Creatures (others)
  2 dancing weapons (D:7)
  An orc wizard (D:5)
  8 fulminant prisms (D:7)
  8 fungi (D:4)
  7 plants (D:7)
26 creatures vanquished.

Grand Total: 150 creatures vanquished

Notes
Turn   | Place    | Note
-------+----------+-------------------------------------------
     0 | D:5      | croobank the Octopode Delver began the quest for the Orb.
     0 | D:5      | Reached XP level 1. HP: 16/16 MP: 1/1
   127 | D:5      | Noticed a black bear
   158 | D:5      | Reached XP level 2. HP: 11/21 MP: 2/2
   553 | D:5      | Noticed a water moccasin
   661 | D:5      | Noticed a centaur
  1097 | D:3      | Reached XP level 3. HP: 26/26 MP: 3/3
  1307 | D:1      | Found Soalyru's Antique Weapon Shoppe.
  1464 | D:1      | Found Jomit's Book Shoppe.
  1517 | D:1      | Found a faded altar of an unknown god.
  1566 | D:1      | Found Beiff's Weapon Boutique.
  1701 | D:1      | Found Ostraipu's Book Boutique.
  1799 | D:1      | Reached skill level 7 in Stealth
  2205 | D:2      | Reached XP level 4. HP: 18/31 MP: 4/4
  2964 | D:2      | Reached XP level 5. HP: 24/37 MP: 5/5
  3252 | D:3      | Noticed Grinder
  3319 | D:3      | Found a basalt altar of Yredelemnul.
  4171 | D:5      | Noticed Menkaure
  4332 | D:4      | Reached skill level 1 in Invocations
  4411 | D:4      | Reached skill level 1 in Staves
  4459 | D:4      | Reached XP level 6. HP: 32/43 MP: 7/7
  4542 | D:4      | Reached skill level 1 in Spellcasting
  5368 | D:5      | Learned a level 2 spell: Searing Ray
  5424 | D:5      | Learned a level 1 spell: Magic Dart
  5778 | D:5      | Killed a water moccasin
  5779 | D:5      | Reached skill level 8 in Stealth
  5779 | D:5      | Reached XP level 7. HP: 20/49 MP: 2/9
  6929 | D:6      | Reached skill level 5 in Fighting
  6929 | D:6      | Reached XP level 8. HP: 7/55 MP: 0/11
  7920 | D:7      | Found a staircase to the Ecumenical Temple.
  7953 | Temple   | Entered the Ecumenical Temple
  7953 | Temple   | Found a transporter.
  7953 | Temple   | Found a transporter.
  7955 | Temple   | Found a transporter.
  7955 | Temple   | Found a transporter.
  7969 | Temple   | Became a worshipper of Gozag Ym Sagoz the Greedy
  8206 | D:7      | Reached skill level 9 in Stealth
  9355 | D:7      | Identified the +2 ring mail "Sehiwyp" {Str+4 Dex+2}
  9748 | D:7      | Reached skill level 5 in Dodging
  9767 | D:7      | Noticed a two-headed ogre
  9772 | D:7      | Noticed a cyclops
  9799 | D:7      | Learned a level 3 spell: Tukima's Dance
 10143 | D:7      | Noticed a four-headed hydra
 10263 | D:7      | Noticed a red ugly thing
 10502 | D:5      | Reached skill level 1 in Conjurations
 10502 | D:5      | Reached skill level 1 in Hexes
 10502 | D:5      | Reached XP level 9. HP: 52/62 MP: 4/14
 10593 | D:5      | Killed Menkaure
 10855 | D:3      | Paralysed by Grinder for 4 turns
 10876 | D:3      | Noticed Grinder
 10876 | D:3      | Grinder changed into Grinder the crimson imp
 10879 | D:3      | Killed Grinder the crimson imp
 11280 | Temple   | Learned a level 2 spell: Ensorcelled Hibernation
 11411 | D:7      | Killed a cyclops
 12275 | D:7      | Killed a two-headed ogre
 12276 | D:7      | Reached skill level 5 in Conjurations
 12276 | D:7      | Reached skill level 5 in Hexes
 12514 | D:7      | Learned a level 4 spell: Fulminant Prism
 13038 | D:7      | Killed a red ugly thing
 13039 | D:7      | Reached XP level 10. HP: 68/68 MP: 2/15
 13562 | D:7      | Noticed a manticore
 13601 | D:7      | Slain by a manticore

Illustrated notes

Levels and vault maps discovered:
D:1:      minmay_arrival_split_and_join, layout_loops_ring, serial_shops, shop,
          nicolae_square_shop, nicolae_shop_advertising_works
          [nicolae_subvault_shop_adworks], shop, shapermc_ecumenical_altar_venn
D:2:      cheibrodos_pilgrimage, layout_rooms, amethyst_killhole,
          grunt_decor_junction
D:3:      layout_loops_ring, nicolae_overflow_hidden_temple, uniq_grinder
D:4:      layout_loops_ring, dreamdust_gnoll_farm
D:5:      layout_loops_cross, uniq_menkaure
D:6:      layout_basic
D:7:      nzn_winding_woodlands_stair_cross
          [nzn_winding_woodlands_5x15_lazy_stream,
          nzn_winding_woodlands_center_diamonds,
          nzn_winding_woodlands_5x15_sidewinder,
          nzn_winding_woodlands_5x5_default, nzn_winding_woodlands_hourglass,
          nzn_winding_woodlands_5x15_zeroes,
          nzn_winding_woodlands_center_triple_pond,
          nzn_winding_woodlands_5x15_crooked], layout_basic, temple_pool_b
D:8:      layout_basic, okawaru_trees_1
Temple:   hellmonk_temple_divided_pantheon

Skill      XL: |  1  2  3  4  5  6  7  8  9 10 |
---------------+-------------------------------+-----
Stealth        | 7 8 9 |  9.5
Axes           | 3 |  3.0
Dodging        | 3 4 5 |  5.0
Fighting       | 4 5 |  5.7
Invocations    | 1 2 3 4 |  4.4
Staves         | 1 2 3 |  3.9
Spellcasting   | 1 2 3 |  3.4
Conjurations   | 1 5 6 |  6.2
Hexes          | 1 6 |  6.3

Action                   |  1- 3 |  4- 6 |  7- 9 | 10-12 || total
-------------------------+-------+-------+-------+-------++-------
Melee: Quarterstaff      |    48 |    98 |    87 |       ||   233
       Constrict         |     9 |    26 |    22 |     1 ||    58
       Tentacles         |     8 |    19 |    26 |     2 ||    55
       Punch             |     1 |     2 |     4 |       ||     7
       Trident           |       |       |     9 |     8 ||    17
Throw: Dart              |       |       |     6 |       ||     6
 Cast: Searing Ray       |       |     4 |    51 |     5 ||    60
       Magic Dart        |       |     1 |    86 |     3 ||    90
       Tukima's Dance    |       |       |    22 |     4 ||    26
       Fulminant Prism   |       |       |     8 |       ||     8
       Ensorcelled Hiber |       |       |     7 |       ||     7
Evoke: Wand              |     2 |       |     5 |     1 ||     8
  Use: Scroll            |     2 |       |    17 |       ||    19
       Potion            |     1 |     7 |     3 |       ||    11
 Stab: Sleeping          |     9 |     8 |     5 |       ||    22
       Distracted        |       |       |     1 |       ||     1
Armor: Skin              |     5 |     5 |     4 |       ||    14
Dodge: Dodged            |    18 |    93 |   107 |     8 ||   226
